[ AOE2 MATCH · #513835873 ]
UnrankedEthiopians vs Malians
Player's team · LOSS
Rival team · WIN
[ REPLAY ANALYSIS · EXTRACTED FROM THE RECORDED GAME ]
Feudal
9:40
Castle
22:05
Imperial
—
| APM avg | 23.1 |
| APM peak | 54 |
| eAPM avg | 17.6 |
| Villagers / military | 143 / 177 |
Focus
⚔️ 38.4% · 🌾 61.6%
Archer ×74 · Shotel Warrior ×38 · Camel Scout ×19 · Spearman ×15 · Skirmisher ×14 · Scout Cavalry ×6
Feudal
10:51
Castle
20:56
Imperial
40:54
| APM avg | 47.0 |
| APM peak | 119 |
| eAPM avg | 24.3 |
| Villagers / military | 139 / 217 |
Focus
⚔️ 39.5% · 🌾 60.5%
Gbeto ×78 · Scout Cavalry ×58 · Skirmisher ×46 · Knight ×16 · Militia ×7 · Trebuchet (Packed) ×7
Match map
Initial resources + every placement click. Lines = walls · curves = elevation contours. ◆ gold · ⬟ stone · ● berries · ✦ relic · ◌ wall gap
Your base· Open — 6t gap
ChoRi-Wolo.gg's base· Open — unwalled flank
Smoothed initial terrain · ◌ = detected wall gap · hover for details
Inputs per minute
— onedread - - ChoRi-Wolo.gg
Build order — onedread
First 150 of 477 actions detected
| 0:00 | Queue | Villager (Male) |
| 0:00 | Queue | Villager (Male) |
| 0:00 | Queue | Villager (Male) |
| 0:02 | Build | House |
| 0:05 | Build | House |
| 0:16 | Queue | Villager (Male) |
| 0:16 | Queue | Villager (Male) |
| 1:24 | Queue | Villager (Male) |
| 1:24 | Queue | Villager (Male) |
| 1:25 | Queue | Villager (Male) |
| 2:02 | Build | Lumber Camp |
| 2:03 | Queue | Villager (Male) |
| 2:03 | Queue | Villager (Male) |
| 2:03 | Queue | Villager (Male) |
| 2:21 | Queue | Villager (Male) |
| 2:21 | Queue | Villager (Male) |
| 2:21 | Queue | Villager (Male) |
| 2:46 | Queue | Villager (Male) |
| 2:46 | Queue | Villager (Male) |
| 3:00 | Build | House |
| 3:04 | Queue | Villager (Male) |
| 3:04 | Queue | Villager (Male) |
| 3:04 | Queue | Villager (Male) |
| 3:36 | Queue | Villager (Male) |
| 3:36 | Queue | Villager (Male) |
| 3:37 | Queue | Villager (Male) |
| 3:45 | Queue | Villager (Male) |
| 3:46 | Queue | Villager (Male) |
| 4:24 | Queue | Villager (Male) |
| 4:24 | Queue | Villager (Male) |
| 4:42 | Build | Mill |
| 4:55 | Queue | Villager (Male) |
| 4:55 | Queue | Villager (Male) |
| 4:55 | Queue | Villager (Male) |
| 5:09 | Build | House |
| 5:16 | Queue | Villager (Male) |
| 5:17 | Queue | Villager (Male) |
| 5:17 | Queue | Villager (Male) |
| 5:17 | Queue | Villager (Male) |
| 5:46 | Queue | Villager (Male) |
| 7:01 | Queue | Villager (Male) |
| 7:27 | Research | Feudal Age |
| 8:55 | Build | Barracks |
| 8:59 | Queue | Villager (Male) |
| 9:37 | Build | Mining Camp |
| 9:40 | Age | Feudal Age |
| 9:47 | Build | House |
| 10:09 | Queue | Villager (Male) |
| 10:10 | Queue | Villager (Male) |
| 10:31 | Build | Archery Range |
| 10:43 | Build | Blacksmith |
| 10:55 | Build | Farm |
| 10:57 | Build | Farm |
| 11:05 | Build | Farm |
| 11:07 | Queue | Villager (Male) |
| 11:08 | Queue | Villager (Male) |
| 11:13 | Research | Loom |
| 11:23 | Queue | Archer |
| 11:23 | Queue | Archer |
| 11:24 | Queue | Archer |
| 11:24 | Queue | Archer |
| 11:29 | Build | House |
| 11:34 | Build | Farm |
| 11:40 | Build | House |
| 11:52 | Queue | Villager (Male) |
| 11:53 | Queue | Villager (Male) |
| 12:11 | Queue | Villager (Male) |
| 12:22 | Build | Palisade Wall |
| 12:38 | Queue | Spearman |
| 12:48 | Build | Farm |
| 12:49 | Build | Farm |
| 12:57 | Queue | Villager (Male) |
| 13:11 | Build | Farm |
| 13:12 | Build | Farm |
| 13:13 | Queue | Villager (Male) |
| 13:22 | Queue | Spearman |
| 13:29 | Build | Farm |
| 13:34 | Queue | Archer |
| 13:38 | Build | Archery Range |
| 14:05 | Build | Farm |
| 14:06 | Build | Farm |
| 14:18 | Build | House |
| 14:25 | Queue | Villager (Male) |
| 14:25 | Queue | Villager (Male) |
| 14:48 | Build | Archery Range |
| 14:56 | Queue | Villager (Male) |
| 14:57 | Queue | Villager (Male) |
| 15:03 | Queue | Archer |
| 15:04 | Queue | Archer |
| 15:04 | Queue | Archer |
| 15:28 | Build | Farm |
| 15:39 | Queue | Villager (Male) |
| 15:43 | Build | Farm |
| 16:00 | Build | Farm |
| 16:01 | Queue | Villager (Male) |
| 16:11 | Queue | Villager (Male) |
| 16:15 | Build | Farm |
| 16:25 | Build | House |
| 16:52 | Queue | Villager (Male) |
| 16:56 | Build | Farm |
| 17:14 | Build | House |
| 17:15 | Queue | Villager (Male) |
| 17:20 | Build | Farm |
| 17:22 | Queue | Villager (Male) |
| 17:31 | Build | House |
| 17:38 | Build | Farm |
| 17:41 | Research | Double-Bit Axe |
| 18:02 | Build | Palisade Wall |
| 18:11 | Build | Palisade Wall |
| 18:13 | Queue | Villager (Male) |
| 18:43 | Queue | Villager (Male) |
| 18:51 | Build | Stable |
| 18:58 | Build | Palisade Wall |
| 19:09 | Research | Castle Age |
| 19:34 | Build | Archery Range |
| 19:42 | Build | Palisade Gate |
| 19:54 | Research | Fletching |
| 19:58 | Research | Padded Archer Armor |
| 20:41 | Build | Farm |
| 20:51 | Queue | Scout Cavalry |
| 20:51 | Queue | Scout Cavalry |
| 20:51 | Queue | Scout Cavalry |
| 20:52 | Queue | Scout Cavalry |
| 21:14 | Build | Mining Camp |
| 21:18 | Queue | Villager (Male) |
| 21:18 | Queue | Villager (Male) |
| 21:36 | Build | Palisade Wall |
| 22:05 | Age | Castle Age |
| 22:19 | Research | Crossbowman (upgrade) |
| 22:22 | Research | Bodkin Arrow |
| 22:25 | Queue | Villager (Male) |
| 22:26 | Queue | Villager (Male) |
| 22:55 | Queue | Spearman |
| 22:56 | Queue | Spearman |
| 23:09 | Queue | Spearman |
| 23:21 | Queue | Archer |
| 23:21 | Queue | Archer |
| 23:22 | Queue | Archer |
| 23:22 | Queue | Archer |
| 23:22 | Queue | Archer |
| 23:22 | Queue | Archer |
| 23:37 | Queue | Villager (Male) |
| 23:42 | Build | House |
| 23:45 | Build | House |
| 24:01 | Queue | Spearman |
| 24:01 | Queue | Spearman |
| 24:14 | Queue | Villager (Male) |
| 24:15 | Queue | Villager (Male) |
| 24:32 | Build | House |
| 24:40 | Research | Forging |
Build order — ChoRi-Wolo.gg
First 150 of 531 actions detected
| 0:02 | Queue | Villager (Male) |
| 0:02 | Queue | Villager (Male) |
| 0:02 | Queue | Villager (Male) |
| 0:03 | Queue | Villager (Male) |
| 0:03 | Queue | Villager (Male) |
| 0:07 | Build | House |
| 0:08 | Build | House |
| 1:36 | Queue | Villager (Male) |
| 1:37 | Queue | Villager (Male) |
| 2:14 | Queue | Villager (Male) |
| 2:46 | Queue | Villager (Male) |
| 2:50 | Build | Lumber Camp |
| 3:14 | Research | Loom |
| 3:19 | Queue | Villager (Male) |
| 3:51 | Queue | Villager (Male) |
| 3:51 | Queue | Villager (Male) |
| 4:18 | Queue | Villager (Male) |
| 4:18 | Queue | Villager (Male) |
| 4:18 | Queue | Villager (Male) |
| 4:28 | Build | House |
| 5:21 | Queue | Villager (Male) |
| 5:22 | Queue | Villager (Male) |
| 5:22 | Queue | Villager (Male) |
| 5:43 | Build | House |
| 5:47 | Queue | Villager (Male) |
| 5:57 | Queue | Villager (Male) |
| 6:20 | Build | Mill |
| 6:23 | Queue | Villager (Male) |
| 7:30 | Build | Barracks |
| 7:34 | Queue | Villager (Male) |
| 7:57 | Queue | Villager (Male) |
| 8:22 | Research | Feudal Age |
| 8:27 | Build | House |
| 8:40 | Queue | Militia |
| 8:40 | Queue | Militia |
| 8:49 | Queue | Militia |
| 8:55 | Build | Mining Camp |
| 9:10 | Queue | Villager (Male) |
| 9:27 | Queue | Militia |
| 9:32 | Queue | Militia |
| 9:41 | Build | Farm |
| 10:27 | Queue | Villager (Male) |
| 10:30 | Queue | Militia |
| 10:30 | Queue | Militia |
| 10:45 | Build | Farm |
| 10:47 | Build | Farm |
| 10:51 | Age | Feudal Age |
| 10:54 | Research | Man-at-Arms (upgrade) |
| 11:03 | Queue | Villager (Male) |
| 11:03 | Queue | Villager (Male) |
| 11:03 | Queue | Villager (Male) |
| 11:04 | Queue | Villager (Male) |
| 11:46 | Build | House |
| 11:49 | Queue | Villager (Male) |
| 11:53 | Research | Wheelbarrow |
| 11:56 | Queue | Villager (Male) |
| 13:00 | Queue | Villager (Male) |
| 13:01 | Queue | Villager (Male) |
| 13:01 | Queue | Villager (Male) |
| 13:41 | Build | Farm |
| 13:41 | Build | Farm |
| 13:41 | Build | Farm |
| 13:41 | Build | Farm |
| 13:42 | Build | Farm |
| 13:42 | Build | Farm |
| 13:42 | Build | Farm |
| 13:42 | Build | Farm |
| 13:44 | Queue | Villager (Male) |
| 13:44 | Queue | Villager (Male) |
| 13:45 | Queue | Villager (Male) |
| 15:14 | Queue | Villager (Male) |
| 15:21 | Build | Farm |
| 15:21 | Build | Farm |
| 15:21 | Build | Farm |
| 15:21 | Build | Farm |
| 15:22 | Build | Farm |
| 15:22 | Build | Farm |
| 15:22 | Build | Farm |
| 15:22 | Build | Farm |
| 15:23 | Build | Farm |
| 15:24 | Queue | Villager (Male) |
| 15:24 | Queue | Villager (Male) |
| 16:12 | Build | Market |
| 16:32 | Build | House |
| 16:33 | Build | House |
| 17:04 | Research | Double-Bit Axe |
| 17:28 | Queue | Villager (Male) |
| 17:32 | Queue | Villager (Male) |
| 17:46 | Build | Archery Range |
| 17:57 | Build | House |
| 18:07 | Build | House |
| 18:09 | Build | House |
| 18:15 | Research | Castle Age |
| 18:29 | Queue | Skirmisher |
| 18:29 | Queue | Skirmisher |
| 18:30 | Queue | Skirmisher |
| 19:07 | Build | Mining Camp |
| 19:17 | Build | Stone Wall |
| 19:50 | Research | Horse Collar |
| 19:55 | Queue | Villager (Male) |
| 19:56 | Queue | Villager (Male) |
| 20:11 | Build | Blacksmith |
| 20:42 | Research | Fletching |
| 20:56 | Age | Castle Age |
| 20:59 | Research | Elite Skirmisher (upgrade) |
| 20:59 | Queue | Skirmisher |
| 21:09 | Build | Stable |
| 21:14 | Research | Bodkin Arrow |
| 21:14 | Research | Padded Archer Armor |
| 21:17 | Queue | Skirmisher |
| 21:17 | Queue | Skirmisher |
| 21:18 | Queue | Skirmisher |
| 21:34 | Queue | Villager (Male) |
| 21:35 | Queue | Villager (Male) |
| 21:52 | Queue | Knight |
| 21:52 | Queue | Knight |
| 21:55 | Research | Bloodlines |
| 21:56 | Build | Farm |
| 22:04 | Queue | Villager (Male) |
| 22:10 | Build | Lumber Camp |
| 22:21 | Research | Scale Barding Armor |
| 22:23 | Queue | Villager (Male) |
| 23:02 | Queue | Knight |
| 23:02 | Queue | Knight |
| 23:03 | Queue | Knight |
| 23:04 | Queue | Villager (Male) |
| 23:05 | Queue | Villager (Male) |
| 23:34 | Research | Elite Skirmisher (upgrade) |
| 23:35 | Queue | Villager (Male) |
| 23:36 | Queue | Villager (Male) |
| 24:09 | Queue | Villager (Male) |
| 24:11 | Queue | Villager (Male) |
| 24:25 | Build | Town Center |
| 24:38 | Queue | Skirmisher |
| 24:38 | Queue | Skirmisher |
| 24:38 | Queue | Skirmisher |
| 24:39 | Queue | Skirmisher |
| 24:59 | Queue | Villager (Male) |
| 24:59 | Queue | Villager (Male) |
| 25:00 | Queue | Villager (Male) |
| 25:09 | Research | Bow Saw |
| 25:09 | Research | Bow Saw |
| 25:37 | Queue | Knight |
| 25:38 | Queue | Knight |
| 25:47 | Queue | Villager (Male) |
| 25:55 | Queue | Villager (Male) |
| 26:01 | Build | Farm |
| 26:01 | Build | Farm |
| 26:01 | Build | Farm |
| 26:01 | Build | Farm |
Match timeline
| 7:30 | ChoRi-Wolo.gg · first_building Barracks |
| 8:55 | onedread · first_building Barracks |
| 9:40 | onedread · age_up feudal |
| 10:31 | onedread · first_building Archery Range |
| 10:51 | ChoRi-Wolo.gg · age_up feudal |
| 12:22 | onedread · wall_segment Palisade Wall x1 |
| 17:46 | ChoRi-Wolo.gg · first_building Archery Range |
| 18:02 | onedread · wall_segment Palisade Wall x5 |
| 18:11 | onedread · wall_segment Palisade Wall x9 |
| 18:51 | onedread · first_building Stable |
| 18:58 | onedread · wall_segment Palisade Wall x1 |
| 19:17 | ChoRi-Wolo.gg · wall_segment Stone Wall x9 |
| 20:56 | ChoRi-Wolo.gg · age_up castle |
| 21:09 | ChoRi-Wolo.gg · first_building Stable |
| 21:36 | onedread · wall_segment Palisade Wall x1 |
| 22:05 | onedread · age_up castle |
| 26:23 | onedread · wall_segment Palisade Wall x1 |
| 27:51 | ChoRi-Wolo.gg · first_building Monastery |
| 28:28 | onedread · wall_segment Palisade Wall x1 |
| 28:37 | onedread · first_building Castle |
| 33:10 | onedread · first_building Monastery |
| 33:53 | ChoRi-Wolo.gg · first_building Castle |
| 36:49 | onedread · first_building Siege Workshop |
| 39:52 | ChoRi-Wolo.gg · first_market_sell 100 food |
| 39:55 | ChoRi-Wolo.gg · first_market_buy 100 stone |
| 40:54 | ChoRi-Wolo.gg · age_up imperial |
| 43:10 | onedread · first_market_sell 100 wood |
| 50:05 | onedread · resign |
[ AI ANALYSIS · 1 CREDIT ]
What really happened in this match?
Wolo.gg analyzes every decision: build order, eco, micro, common mistakes by bracket. Personalized analysis on WhatsApp or Discord in 30 seconds.
Civ guide
Ethiopians
Perfil
onedread